AoeStats
← Carmelo maradona

MegaRandom

510002259Analyzed
2v2 RM · 2d ago on Sep 29, 2026· 42m 49s· 4 players
Game mode
Random Map
Map size
Medium (4 player)
Population
200
Speed
Normal
Resources
Standard
Victory
Conquest
Starting age
Dark Age
Ending age
Imperial Age
RankedLock teamsTeams togetherTeam positionsShared explorationLock speedFull tech treeHidden civsTurbo modeCheats
Victory
Defeat
🇨🇴 Huns · Colombia
1448
+15
🇨🇴 Vietnamese · Colombia
1437
+16
🇨🇱 Britons · Chile
1480
-18
🇲🇽 Persians · Mexico
1377
-13
¡No hate!
6:58 Loom
9:20 Feudal Age
16:28 Fletching
21:24 Town Watch
26:36 Castle Age
24:49 Double-Bit Axe
24:45 Horse Collar
24:55 Gold Mining
25:21 Padded Archer Armor
26:42 Crossbowman
27:20 Bodkin Arrow
29:37 Leather Archer Armor
30:49 Ballistics
31:37 Wheelbarrow
33:29 Stone Mining
34:38 Gold Shaft Mining
34:52 Hand Cart
36:03 Bow Saw
41:52 Imperial Age
39:55 Heavy Plow
40:48 Yeomen
41:05 Murder Holes
41:23 Masonry
41:52 Arbalester
Mistico
8:38 Feudal Age
8:07 Loom
9:10 Double-Bit Axe
13:49 Horse Collar
14:48 Scale Barding Armor
16:11 Wheelbarrow
18:21 Town Watch
21:12 Castle Age
19:50 Bloodlines
20:01 Forging
20:40 Bloodlines
21:01 Light Cavalry
25:53 Chain Barding Armor
30:25 Gold Mining
30:50 Bow Saw
35:27 Husbandry
41:34 Imperial Age
42:28 Plate Barding Armor
41:18 Cavalier
41:35 Cavalier
JAGR | DesNoguns
6:44 Loom
9:26 Feudal Age
10:06 Double-Bit Axe
14:50 Fletching
22:58 Castle Age
21:49 Gold Mining
21:40 Horse Collar
23:34 Bodkin Arrow
23:00 Crossbowman
25:14 Ballistics
27:21 Padded Archer Armor
27:59 Bow Saw
29:56 Town Watch
32:35 Wheelbarrow
36:46 Imperial Age
35:51 Hand Cart
37:28 Bracer
36:49 Arbalester
38:43 Chemistry
42:29 Thumb Ring
43:28 Leather Archer Armor
Carmelo maradona
6:01 Loom
8:29 Feudal Age
19:06 Castle Age
19:28 Scale Barding Armor
20:40 Forging
28:45 Chain Barding Armor
31:37 Iron Casting
31:04 Husbandry
32:08 Bloodlines
35:04 Wheelbarrow
40:05 Imperial Age
40:09 Cavalier
41:27 Plate Barding Armor
42:52 Blast Furnace
Connection lost

Rejoining the realm…

Still unreachable

The connection could not be restored.

Session expired

The server has moved on; the page needs a fresh start.